Map: Frost LE

Players

JJk

  • Race: Terran Terran
  • League: Diamond

TheMagician - Winner!

  • Race: Protoss Protoss
  • League: Diamond

VOD

Have the link to the VOD?

Description

Time

  • Played on: Oct. 30, 2016, 11:08 a.m.
  • Length: 13:36
Show
View Real Time Build Order
Export as new Build Order

JJk Terran 

Build Orders: Cyclone Opening 

Get SALT Encoding   

  12  0:01  SCV  
  13  0:13  SCV  
  14  0:17  Supply Depot  
  14  0:26  Refinery  
  15  0:28  SCV  
  15  0:41  Barracks  
  15  0:46  SCV  
  16  0:58  SCV  
  17  1:10  SCV  
  18  1:11  Refinery  
  18  1:25  SCV  
  19  1:31  Marine  
  20  1:37  Factory  
  20  1:38  SCV  
  22  1:55  Orbital Command  
  21  2:03  Supply Depot  
  21  2:09  Supply Depot  
  21  2:17  Barracks Reactor  
  21  2:22  Factory Tech Lab  
  21  2:24  SCV  
  22  2:39  SCV  
  22  2:42  Cyclone  
  27  2:44  Mag-Field Accelerator  
  27  2:54  Marine x2  
  29  3:01  Starport  
  29  3:03  SCV  
  30  3:12  Marine x2  
  32  3:14  Cyclone  
  36  3:20  Supply Depot  
  36  3:27  Liberator  
  36  3:29  SCV  
  36  3:33  Marine x2  
  39  3:43  Supply Depot  
  42  3:56  Cyclone  
  45  4:04  Marine x2  
  45  4:09  SCV  
  48  4:12  Supply Depot  
  48  4:22  Marine  
  49  4:46  Marine x2  
  47  5:16  Bunker  
  47  5:19  Bunker  
  47  5:20  Marine x2  
  41  5:58  Supply Depot  
  41  6:00  Starport Reactor  
  41  6:05  Barracks  
  41  6:06  Siege Tank  
  41  6:10  Barracks Reactor  
  44  6:45  Medivac  
  44  6:46  Medivac  
  40  7:04  Cyclone  
  41  7:12  Engineering Bay  
  39  7:30  SCV  
  39  7:35  Marine x2  
  42  7:52  Cyclone  
  42  7:53  Barracks Tech Lab, Marine  
  42  7:54  Medivac  
  48  8:05  Command Center  
  48  8:21  Marine  
  48  8:22  Marine  
  47  8:35  Marine  
  47  8:39  Marine x2  
  49  8:49  Stimpack  
  49  8:50  SCV  
  49  8:53  Marine  
  45  9:08  Marine x2  
  47  9:11  Marine  
  46  9:25  Marine  
  46  9:26  Marine  
  46  9:29  Marine  
  49  9:37  Viking x2  
  49  9:39  Cyclone  
  53  9:46  Marine x2  
  55  9:57  SCV  
  56  10:05  Engineering Bay  
  56  10:11  Cyclone  
  60  10:19  SCV  
  61  10:40  Viking  
  62  10:54  Cyclone  
Show
View Real Time Build Order
Export as new Build Order

TheMagician Protoss - Winner!

Build Orders:  

Get SALT Encoding   

  12  0:01  Probe (Chrono Boost)  
  13  0:11  Probe (Chrono Boost)  
  14  0:20  Pylon  
  14  0:22  Probe (Chrono Boost)  
  15  0:38  Probe (Chrono Boost), Assimilator  
  16  0:44  Gateway  
  16  0:49  Probe (Chrono Boost)  
  17  0:59  Probe (Chrono Boost)  
  18  1:05  Assimilator  
  18  1:10  Probe (Chrono Boost)  
  19  1:11  Pylon  
  19  1:20  Probe (Chrono Boost)  
  20  1:31  Probe (Chrono Boost), Gateway  
  21  1:42  Probe (Chrono Boost)  
  22  1:48  Cybernetics Core  
  21  2:11  Forge  
  21  2:26  Nexus  
  21  2:28  Mothership Core (Chrono Boost)  
  23  2:31  Pylon  
  23  2:36  Pylon  
  23  2:49  Probe (Chrono Boost)  
  23  2:50  Photon Cannon  
  24  3:03  Photon Cannon  
  24  3:06  Probe (Chrono Boost)  
  25  3:13  Stalker  
  27  3:35  Stargate  
  27  3:36  Stargate  
  27  3:39  Probe (Chrono Boost)  
  27  3:41  Probe (Chrono Boost)  
  29  3:48  Stalker  
  31  4:14  Stalker  
  31  4:16  Probe (Chrono Boost)  
  31  4:17  Assimilator  
  32  4:19  Assimilator  
  34  4:28  Probe (Chrono Boost)  
  39  4:38  Phoenix x2  
  35  4:41  Probe (Chrono Boost)  
  36  4:45  Pylon  
  36  4:48  Pylon  
  34  5:17  Pylon  
  34  5:18  Phoenix x2  
  38  5:24  Photon Cannon  
  38  5:32  Pylon  
  38  5:33  Photon Cannon  
  38  5:35  Pylon  
  38  5:42  Phoenix  
  38  5:43  Phoenix  
  38  5:47  Pylon  
  42  5:55  Stalker  
  39  6:01  Pylon  
  42  6:05  Probe (Chrono Boost)  
  42  6:17  Probe (Chrono Boost)  
  41  6:59  Pylon, Void Ray x2  
  49  7:10  Photon Cannon  
  47  7:42  Void Ray  
  51  7:51  Void Ray  
  51  7:52  Zealot  
  51  7:56  Gateway  
  51  7:57  Gateway  
  57  8:01  Probe (Chrono Boost)  
  59  8:13  Probe (Chrono Boost)  
  59  8:17  Zealot  
  61  8:25  Void Ray  
  63  8:34  Void Ray  
  63  9:29  Zealot x2  
  63  9:54  Nexus  
  63  9:57  Pylon  
  63  10:00  Pylon  
  63  10:15  Void Ray, Zealot x2  
  63  10:18  Void Ray, Probe (Chrono Boost)  
  63  10:19  Pylon  
  63  10:20  Pylon  
  67  11:26  Pylon  
  67  11:28  Pylon, Void Ray  
  67  11:29  Stalker x2  
  67  11:32  Photon Cannon  
  75  11:42  Stalker  
  77  11:48  Pylon  
  77  11:59  Stalker  
  79  12:08  Stalker  
  81  12:12  Pylon, Stalker  
  83  12:29  Stalker  
  85  12:45  Void Ray x2  
  85  12:46  Stalker  
Tags
 
Add a new tag
Caveats
  • Supply blocks, unpowered buildings, or Contaminate may cause inaccurate times.
  • Supply counts are checked every 10 seconds.